 Dungeon Crawl Stone Soup version 0.30.1-9-gdf580d7c3d (webtiles) character file.

Game seed: 16796596374956962766

119 Chiseanne the Chucker (level 4, -2/33 HPs)
             Began as a Demonspawn Wanderer on Oct 7, 2023.
             Killed by divine providence
             ... invoked by an orc priest
              (12 damage)
             ... on level 3 of the Dungeon.
             The game lasted 00:07:56 (1733 turns).

Chiseanne the Chucker (Demonspawn Wanderer)         Turns: 1733, Time: 00:07:56

Health: -2/33      AC:  4    Str:  9    XL:     4   Next: 73%
Magic:  7/7        EV: 17    Int: 16    God:
Gold:   120        SH:  0    Dex: 15    Spells: 6/7 levels left

rFire   . . .        a - +2 dagger (venom)
rCold   . . .        (no shield)
rNeg    . . .        e - +0 robe
rPois   .            (helmet restricted)
rElec   .            g - scarf {+Inv}
rCorr   .            c - +1 pair of gloves
SInv    .            (no boots)
Will    .....        (no amulet)
Stlth   ++           l - +5 ring of evasion
HPRegen 0.25/turn    o - ring of flight
MPRegen 0.10/turn

%: no passive effects
@: flying
A: horns 2, ignite blood 1
a: Evoke Invisibility


You were on level 3 of the Dungeon.
You visited 1 branch of the dungeon, and saw 3 of its levels.

You collected 120 gold pieces.

Inventory:

Hand Weapons
 a - a +2 dagger of venom (weapon)
 f - a +2 dagger
 n - a +0 short sword of speed
Missiles
 b - 3 curare-tipped darts (quivered)
 j - 2 atropa-tipped darts
 k - 36 stones
 p - 2 poisoned darts
 q - 5 silver javelins
Armour
 c - a +1 pair of gloves (worn)
 e - a +0 robe (worn)
 g - a scarf of invisibility (worn)
Jewellery
 l - a +5 ring of evasion (left hand)
 o - a ring of flight (right hand)
Potions
 d - a potion of lignification
 h - a potion of might {unknown}
 i - a potion of flight
 m - 2 potions of heal wounds
 r - 2 potions of ambrosia


   Skills:
 * Level 2.0 Fighting
 - Level 2.6 Throwing
 * Level 1.8 Dodging
 - Level 1.7 Stealth
 * Level 2.1 Spellcasting
 * Level 1.0 Conjurations
 - Level 1.7 Transmutations
 - Level 1.4 Poison Magic
 - Level 2.0 Evocations


You had 6 spell levels left.
You knew the following spells:

 Your Spells              Type           Power      Damage    Failure   Level
a - Shock                 Conj/Air       12%        1d3       17%         1

Your spell library contained the following spells:

 Spells                   Type           Power      Damage    Failure   Level
 Sting                    Tmut/Pois      24%        1d4       11%         1
 Spider Form              Tmut/Pois      6%         N/A       32%         3
 Swiftness                Air            1%         N/A       52%         3
 Airstrike                Air            0%         2d(1-17)  90%         4
 Animate Dead             Necr           1%         N/A       90%         4
 Borgnjor's Vile Clutch   Necr/Erth      0%         N/A       99%         5
 Death Channel            Necr           0%         N/A       100%        6


Dungeon Overview and Level Annotations

Branches:
Dungeon (3/15)

Altars:

Shops:
D:1 [::!(   D:2 :   D:3 [[?


Innate Abilities, Weirdness & Mutations

You have a pair of horns on your head.
Your demonic aura sometimes causes spilled blood to erupt in flames.


Message History

The jackal barely misses you.
The orc priest calls upon Beogh to heal the orc priest.
The orc priest is healed somewhat.
The orc priest hits you with a +0 hand axe!
You hit the orc priest.
The orc priest looks as sick as possible!
You headbutt the orc priest.
The orc priest is moderately wounded.
The jackal closely misses you. The orc priest barely misses you.
You closely miss the orc priest.
The orc priest is moderately wounded.
The jackal bites you.
The orc priest looks braver for a moment.
The jackal closely misses you.
You hit the orc priest but do no damage.
The orc priest is heavily wounded.
The jackal misses you. The orc priest completely misses you.
You hit the orc priest. You headbutt the orc priest.
You kill the orc priest!
The jackal closely misses you.
The orc priest looks encouraged for a moment.
The jackal bites you but does no damage.
Your Fighting skill increases to level 2!
Your Conjurations skill increases to level 1!
You hit the orc.
The orc is heavily wounded.
The jackal completely misses you.
The orc is engulfed in blazing flames.
You kill the orc!
The jackal bites you. The orc priest barely misses you.
Items here: ))) ††.
You completely miss the orc priest. The jackal closely misses you.
The jackal misses you.
The orc priest casts a cantrip, but nothing happens.
The jackal closely misses you. The jackal misses you.
You hit the orc priest.
The orc priest is poisoned.
The orc priest is lightly wounded.
The jackal bites you. The jackal barely misses you.
The orc priest invokes the aid of Beogh against you.
Beogh smites you!
You die...

#.#.. ...###...#
#.#.## #.#.#.##.##
####....###.#........
#......†.......###.##
#.#.....####...# #.#
#..#.## #...# #.#
#..#.# #...# #.#
#.h#.#####...# #.#
#o@........... ..#
#h########.#.#####
#.) #.#.# .... .....
..#.... # ..#..
#..##.


You could see an orc priest (poisoned) and 2 jackals.

Vanquished Creatures
  An orc priest (D:3)
  2 adders
  A worm (D:2)
  2 dart slugs
  4 orcs (D:3)
  5 bats
  2 endoplasms
  A giant cockroach (D:3)
  9 goblins
  5 hobgoblins
  5 jackals
  A quokka (D:3)
  3 ball pythons
  3 frilled lizards
  3 kobolds
  7 rats
54 creatures vanquished.

Notes
Turn   | Place    | Note
-------+----------+-------------------------------------------
     0 | D:1      | Chiseanne the Demonspawn Wanderer began the quest for the
                  | Orb.
     0 | D:1      | Chiseanne set off with the following items: a +2 dagger, 3
                  | curare-tipped darts, a +0 pair of gloves, a potion of
                  | lignification, a +0 robe; and the following spell
                  | memorised: Sting; and the following spells available to
                  | memorise: Spider Form.
     0 | D:1      | Reached XP level 1. HP: 13/13 MP: 2/2
     7 | D:1      | Found Dingukea's Book Shop.
   134 | D:1      | Found Macyorits's Distillery.
   156 | D:1      | Gained mutation: Your demonic aura sometimes causes spilled
                  | blood to erupt in flames. [demonic ancestry]
   156 | D:1      | Reached XP level 2. HP: 20/20 MP: 3/3
   243 | D:1      | Found Qagoot's Book Emporium.
   436 | D:1      | Found Haota's Antique Armour Shoppe.
   515 | D:1      | Reached skill level 1 in Fighting
   526 | D:1      | Reached skill level 1 in Poison Magic
   691 | D:1      | Reached skill level 1 in Dodging
   695 | D:1      | Found Aclusuurgh's Weapon Boutique.
   858 | D:2      | Gained mutation: You have a pair of small horns on your
                  | head. [demonic ancestry]
   858 | D:2      | Reached XP level 3. HP: 26/26 MP: 3/5
  1118 | D:2      | Found a faded altar of an unknown god.
  1273 | D:2      | Found Rediena's Book Shop.
  1418 | D:2      | Learned a level 1 spell: Shock
  1436 | D:3      | Found Uqeasaosm's Antique Armour Shoppe.
  1543 | D:3      | Gained mutation: You have a pair of horns on your head.
                  | [demonic ancestry]
  1543 | D:3      | Reached XP level 4. HP: 29/33 MP: 6/6
  1636 | D:3      | Found Xuse's Antique Armour Shoppe.
  1680 | D:3      | Found Xeol's Magic Scroll Boutique.
  1730 | D:3      | Reached skill level 1 in Conjurations
  1733 | D:3      | Killed from afar by an orc priest

Illustrated notes

Levels and vault maps discovered:
D:1:      mrwooster_arrival_arrow, layout_basic, serial_shops, shop, shop,
          nicolae_shop_pleasant_corner_grove, nicolae_shop_hallway_plus,
          nicolae_shop_tiny_real_fake_doors
D:2:      layout_rooms, serial_shops, nicolae_book_shop_shelving,
          hellmonk_ecumenical_altar_inner_sanctum
D:3:      layout_loops_ring, serial_shops, shop, shop, nicolae_shop_statue_plus,
          nicolae_shop_just_a_little_nook

Skill      XL: |  1  2  3  4 |
---------------+-------------+-----
Fighting       | 1 2 |  2.0
Poison Magic   | 1 |  1.4
Dodging        | 1 |  1.8
Spellcasting   | 2 |  2.1
Conjurations   | 1 |  1.0
Throwing       | |  2.6
Stealth        | |  1.7
Transmutations | |  1.7
Evocations     | |  2.0

Action                     |  1- 3 |  4- 6 || total
---------------------------+-------+-------++-------
  Melee: Dagger            |   107 |    26 ||   133
         Headbutt          |     8 |     3 ||    11
   Cast: Sting             |     3 |       ||     3
    Use: Scroll            |     7 |       ||     7
   Stab: Sleeping          |     8 |       ||     8
 Armour: Robe              |    14 |     6 ||    20
  Dodge: Dodged            |    71 |    34 ||   105
